 Dungeon Crawl Stone Soup version 0.17.2-1-ge4368a0 (webtiles) character file.

725 Goblin1989 the Chopper (level 7, 0/58 HPs)
             Began as a Deep Dwarf Gladiator on Aug 30, 2016.
             Slain by Menkaure (15 damage)
             ... on level 5 of the Dungeon.
             The game lasted 00:09:50 (2978 turns).

Goblin1989 the Chopper (Deep Dwarf Gladiator)       Turns: 2978, Time: 00:09:50

Health: 0/58       AC:  9    Str: 21    XL:     7   Next: 43%
Magic:  8/8        EV: 12    Int:  8    God:
Gold:   68         SH:  0    Dex: 17    Spells: 0 memorised, 6 levels left

rFire  . . .     SeeInvis .     a - +0 war axe
rCold  . . .     Clarity  .     u - +0 scale mail
rNeg   . . .     SustAt   +     (no shield)
rPois  .         Gourm    .     c - +0 helmet
rElec  .         Spirit   .     r - +0 cloak
rCorr  .         Warding  .     (no gloves)
rMut   .         Stasis   .     (no boots)
MR     +....                    (no amulet)
Stlth  ..........               h - ring of sustain attributes
                                k - +4 ring of dexterity

@: non-regenerating, somewhat resistant to hostile enchantments, extremely
unstealthy
A: damage resistance, recharge devices, sense surroundings 1, slow regeneration
3
a: Device Recharging


You were on level 5 of the Dungeon.
You were not hungry.

You visited 1 branch of the dungeon, and saw 5 of its levels.

You collected 152 gold pieces.
You spent 84 gold pieces at shops.

Inventory:

Hand Weapons
 a - a +0 war axe (weapon)
Missiles
 d - 2 throwing nets (quivered)
Armour
 c - a +0 helmet (worn)
 r - a +0 cloak (worn)
 u - a +0 scale mail (worn)
Jewellery
 h - a ring of sustain attributes (right hand)
 k - a +4 ring of dexterity (left hand)
Wands
 e - a wand of heal wounds (4)
 s - a wand of fire (7)
Scrolls
 b - 2 scrolls of enchant weapon {unknown}
 i - 2 scrolls of magic mapping {unknown}
 j - 2 scrolls of remove curse {unknown}
 l - 2 scrolls of identify {unknown}
 n - a scroll of teleportation {unknown}
 o - a scroll of fear {unknown}
 q - a scroll of recharging {unknown}
 t - a scroll of enchant armour {unknown}
 v - a scroll of random uselessness {unknown}
Potions
 g - 4 potions of curing
 p - a potion of haste
Comestibles
 f - 3 bread rations
 m - a royal jelly
 w - 10 fruits
 z - a meat ration


   Skills:
 - Level 1.7 Fighting
 * Level 7.9 Axes
 - Level 1.7 Throwing
 + Level 3.5 Armour
 - Level 3.2 Dodging
 + Level 4.3 Evocations


You had 6 spell levels left.
You didn't know any spells.

Dungeon Overview and Level Annotations

Branches:
Dungeon (5/15)
 Temple: D:4-7

Altars:
Ashenzari
Cheibriados
Ru
Trog

Shops:
D:4 *

Annotations:
D:5 Menkaure


Innate Abilities, Weirdness & Mutations

You are resistant to damage.
You can recharge devices by infusing magical energy.
You passively map a small area around you.
You do not regenerate naturally.


Message History

Menkaure is almost destroyed.
You closely miss the adder skeleton. Menkaure closely misses you.
The adder skeleton bites you.
You take 1 damage, and have 29/58 hp.
You hit Menkaure.
Menkaure is almost destroyed.
You barely miss the adder skeleton. Menkaure closely misses you.
The adder skeleton misses you. Menkaure misses you.
You hit Menkaure but do no damage.
Menkaure is almost destroyed.
You hit the adder skeleton.
You destroy the adder skeleton!
Menkaure hits you!
* * * LOW HITPOINT WARNING * * *
You take 14 damage, and have 15/58 hp.
MASSIVE DAMAGE!!
You hit Menkaure but do no damage.
Menkaure is almost destroyed.
Menkaure hits you!
You die...

.....# *≈ , ###### #.
#+ #.# .. #.# .# #.#
.# #.####.###
#.##.....
########.##.#M#
#####...........@.#,*
.............##.###,
#####.#########... *
#.# ##### * #.# , #.#
, ..# ###


You could see Menkaure.

Vanquished Creatures
  Duvessa (D:5)
  An ogre (D:4)
  A centaur (D:5)
  Dowan (D:5)
  A scorpion (D:4)
  A giant frog zombie (D:5)
  4 orc wizards (D:4)
  Natasha (thrice) (D:4)
  A worker ant (D:4)
  A worker ant zombie (D:5)
  5 adders
  An adder skeleton (D:5)
  3 worms
  The ghost of pedritolo the Sneak, a weakling SpEn (D:4)
  A giant gecko (D:1)
  11 orcs
  A ball python (D:4)
  9 bats
  6 giant cockroaches
  5 goblins
  4 hobgoblins
  3 jackals (D:1)
  6 kobolds
  4 giant newts
  6 rats
81 creatures vanquished.

Notes
Turn   | Place    | Note
--------------------------------------------------------------
     0 | D:1      | Goblin1989 the Deep Dwarf Gladiator began the quest for the Orb.
     0 | D:1      | Reached XP level 1. HP: 19/19 MP: 1/1
    36 | D:1      | Found a snail-covered altar of Cheibriados.
   105 | D:1      | Reached XP level 2. HP: 26/26 MP: 2/2
   106 | D:1      | Reached skill level 4 in Axes
   780 | D:2      | Found a shattered altar of Ashenzari.
   786 | D:2      | Reached XP level 3. HP: 29/32 MP: 3/3
   999 | D:2      | Reached skill level 5 in Axes
  1224 | D:3      | Found a bloodstained altar of Trog.
  1606 | D:3      | Reached XP level 4. HP: 26/39 MP: 4/4
  1965 | D:4      | Reached skill level 1 in Armour
  1965 | D:4      | Reached skill level 1 in Evocations
  1965 | D:4      | Reached XP level 5. HP: 27/45 MP: 4/6
  1973 | D:4      | Noticed pedritolo's ghost (weakling SpEn)
  1981 | D:4      | Killed pedritolo's ghost
  1981 | D:4      | Reached skill level 6 in Axes
  2013 | D:4      | Found Yceo's General Store.
  2016 | D:4      | Bought 2 potions of curing for 84 gold pieces
  2165 | D:4      | Noticed Natasha
  2173 | D:4      | Killed Natasha
  2276 | D:4      | Noticed an ogre
  2287 | D:4      | HP: 2/45 [ogre/giant club (22)]
  2293 | D:4      | Killed an ogre
  2293 | D:4      | Reached XP level 6. HP: 2/52 MP: 6/8
  2343 | D:4      | Noticed Natasha
  2354 | D:4      | Killed Natasha
  2436 | D:4      | Noticed Natasha
  2440 | D:4      | Killed Natasha
  2450 | D:4      | Found a sacrificial altar of Ru.
  2526 | D:4      | Reached skill level 7 in Axes
  2773 | D:5      | Entered Level 5 of the Dungeon
  2867 | D:5      | Noticed Dowan
  2886 | D:5      | Killed Dowan
  2891 | D:5      | Noticed Duvessa
  2902 | D:5      | Killed Duvessa
  2902 | D:5      | Reached XP level 7. HP: 24/58 MP: 7/7
  2962 | D:5      | Noticed Menkaure
  2978 | D:5      | Slain by Menkaure

Action                   |  1- 3 |  4- 6 |  7- 9 || total
-------------------------+-------+-------+-------++-------
Melee: War axe           |   127 |   182 |    24 ||   333
Throw: Throwing net      |       |     2 |       ||     2
 Abil: Device Recharging |       |     2 |       ||     2
Evoke: Wand              |     1 |     8 |     2 ||    11
  Use: Potion            |       |     3 |       ||     3
 Stab: Sleeping          |     3 |       |       ||     3
       Held in net/web   |       |     1 |       ||     1
  Eat: Chunk             |     2 |       |       ||     2
       Meat ration       |       |     1 |       ||     1
